[Event "Titled Tuesday Blitz July 25 Late 2023"]
[White "kripri"]
[Black "Voege, Tobias"]
[BlackFideId "1270513"]
[WhiteElo "2332"]
[BlackElo "2618"]
[Result "0-1"]
[Round "1"]
[TimeControl "180+2"]
[Date "2023.07.25"]
[WhiteClock "0:01:27"]
[BlackClock "0:01:49"]
[Board "121"]

1. e4 e6 2. d4 d5 3. Nd2 Nf6 4. e5 Nfd7 5. Bd3 c5 6. c3 Nc6 7. Ne2 cxd4 8. cxd4 f6 9. exf6 Nxf6 10. Nf3 Bd6 11. O-O O-O 12. Bf4 Bxf4 13. Nxf4 Ng4 14. Qc1 Qf6 15. Nh5 Qh6 16. Qxh6 Nxh6 17. Rfe1 Rxf3 18. gxf3 Nxd4 19. Kg2 Bd7 20. Nf4 Rf8 21. Ne2 Nxf3 22. Red1 e5 23. Nc3 Nh4+ 24. Kf1 Ng4 25. Nxd5 Rxf2+ 26. Kg1 Nf3+ 27. Kh1 Rxh2# 0-1


[Site "https://www.chess.com"]

[Event "Titled Tuesday Blitz July 25 Late 2023"]
[White "Tanaka, Taira Tyler"]
[Black "Deviprasath, Sharvesh"]
[WhiteFideId "7002351"]
[BlackFideId "30938228"]
[WhiteElo "2617"]
[BlackElo "2330"]
[Result "1/2-1/2"]
[Round "1"]
[TimeControl "180+2"]
[Date "2023.07.25"]
[WhiteClock "0:00:31"]
[BlackClock "0:01:06"]
[Board "122"]

1. d4 Nf6 2. Nc3 d5 3. Bf4 g6 4. e3 Bg7 5. h4 h5 6. Nf3 O-O 7. Be2 c5 8. dxc5 Qa5 9. O-O Qxc5 10. Nb5 Nc6 11. a3 Bf5 12. Rc1 Rac8 13. c4 dxc4 14. Bxc4 Rfd8 15. Qe2 Qb6 16. Ng5 Nd5 17. Bg3 Bf6 18. Nxf7 Kxf7 19. e4 Bg4 20. Qd3 Ne5 21. Bxe5 Bxe5 22. exd5 Kg7 23. Rfe1 Qf6 24. Nc3 Bf5 25. Qe2 Bd6 26. g3 Rf8 27. Bb3 Bc5 28. Na4 Bg4 29. Nxc5 Bxe2 30. Rxe2 Qf3 31. Ne6+ Kh6 32. Rce1 Qxb3 33. Nxf8 Rxf8 34. Rxe7 Qxb2 35. R1e2 Qxa3 36. Rxb7 Qf3 37. Rd2 Rd8 38. Rxa7 Rxd5 39. Rxd5 Qxd5 40. Re7 Qd4 41. Rf7 Qd1+ 42. Kh2 Qf1 43. Rf6 Kg7 44. Rf4 g5 45. hxg5 Kg6 46. Rf8 Kxg5 47. Rf4 h4 48. Rxh4 Qxf2+ 49. Kh3 Qf1+ 50. Kh2 Qf5 51. Rf4 Qe6 52. Rh4 Qe5 53. Rf4 Qd5 54. Rh4 1/2-1/2


[Site "https://www.chess.com"]

[Event "Titled Tuesday Blitz July 25 Late 2023"]
[White "Lemos, Dawton Almino"]
[Black "Omelja, Artem"]
[WhiteFideId "2146797"]
[BlackFideId "14119846"]
[WhiteElo "2329"]
[BlackElo "2617"]
[Result "0-1"]
[Round "1"]
[TimeControl "180+2"]
[Date "2023.07.25"]
[WhiteClock "0:00:00"]
[BlackClock "0:00:27"]
[Board "123"]

1. e4 c5 2. Nf3 e6 3. d3 d5 4. Nbd2 Nf6 5. g3 Nc6 6. Bg2 Be7 7. O-O O-O 8. Re1 b5 9. e5 Nd7 10. Nf1 a5 11. h4 Bb7 12. h5 h6 13. N1h2 Qc7 14. Ng4 Rac8 15. Bf4 Nd4 16. Nfh2 Rfe8 17. Qd2 Nf8 18. Bxh6 gxh6 19. Nxh6+ Kg7 20. N2g4 Nh7 21. c3 Nc6 22. Nxf7 Kxf7 23. Qh6 Kg8 24. Qxe6+ Kh8 25. f4 Bf8 26. Qg6 Qg7 27. Qxg7+ Bxg7 28. Bxd5 Rcd8 29. Be4 Re7 30. Ne3 Red7 31. e6 Re7 32. f5 Ng5 33. Kg2 Ne5 34. Bxb7 Rxb7 35. d4 cxd4 36. cxd4 Rxd4 37. Rad1 Nc6 38. Nd5 Ne7 39. Rxd4 Bxd4 0-1


[Site "https://www.chess.com"]

[Event "Titled Tuesday Blitz July 25 Late 2023"]
[White "Haydon, David L"]
[Black "Manon-og, Ramon Jr."]
[WhiteFideId "415405"]
[BlackFideId "5200776"]
[WhiteElo "2616"]
[BlackElo "2327"]
[Result "1-0"]
[Round "1"]
[TimeControl "180+2"]
[Date "2023.07.25"]
[WhiteClock "0:00:38"]
[BlackClock "0:00:00"]
[Board "124"]

1. d4 Nf6 2. Nc3 d5 3. Bf4 c5 4. e3 a6 5. Nf3 Bf5 6. dxc5 e6 7. Nd4 Bxc5 8. Nxf5 exf5 9. Be2 Nc6 10. O-O O-O 11. Bf3 Ne4 12. Nxd5 g5 13. Bxe4 fxe4 14. Bg3 f5 15. Bc7 Qe8 16. Nb6 Bxb6 17. Bxb6 Ne5 18. Qd5+ Rf7 19. Bd4 Nc6 20. Bc3 Rd8 21. Qc5 Qe6 22. Rfd1 Rfd7 23. Rxd7 Rxd7 24. h3 Rd5 25. Qb6 Qd7 26. a4 Rd1+ 27. Rxd1 Qxd1+ 28. Kh2 Qd6+ 29. g3 f4 30. Qxb7 fxg3+ 31. fxg3 Ne7 32. Qxe4 Qd1 33. Qd3 Qc1 34. Qc4+ Kf8 35. Qe4 Qd1 36. Qd3 Qc1 37. Bb4 Qxb2 38. Qd8+ Kf7 39. Qxe7+ Kg6 40. Qd6+ Kf5 41. g4+ Ke4 42. Qd4+ Kf3 43. Qxb2 1-0


[Site "https://www.chess.com"]

[Event "Titled Tuesday Blitz July 25 Late 2023"]
[White "Kujawski, Adam"]
[Black "musclemonster12"]
[WhiteFideId "1100920"]
[WhiteElo "2326"]
[BlackElo "2614"]
[Result "0-1"]
[Round "1"]
[TimeControl "180+2"]
[Date "2023.07.25"]
[WhiteClock "0:00:01"]
[BlackClock "0:01:20"]
[Board "125"]

1. e4 c5 2. Nf3 d6 3. d4 cxd4 4. Nxd4 Nf6 5. Nc3 Nc6 6. Bg5 e6 7. Qd2 a6 8. O-O-O Bd7 9. f4 Be7 10. Nf3 b5 11. Bxf6 gxf6 12. f5 Qb6 13. Kb1 h5 14. g3 O-O-O 15. fxe6 fxe6 16. Bh3 Kb8 17. Ne2 Ne5 18. Nfd4 Nc4 19. Qd3 e5 20. Bxd7 Rxd7 21. Nf5 d5 22. exd5 Rhd8 23. Nc3 Bb4 24. Ne4 Bf8 25. b3 Na3+ 26. Kb2 a5 27. d6 b4 28. Qd5 Nb5 29. Nc5 Ra7 30. d7 Bxc5 31. Qe6 Qxe6 0-1


[Site "https://www.chess.com"]

[Event "Titled Tuesday Blitz July 25 Late 2023"]
[White "Pinero Rodriguez, Carlos Jose"]
[Black "morozcoma"]
[WhiteFideId "3901726"]
[WhiteElo "2613"]
[BlackElo "2325"]
[Result "1-0"]
[Round "1"]
[TimeControl "180+2"]
[Date "2023.07.25"]
[WhiteClock "0:00:54"]
[BlackClock "0:01:06"]
[Board "126"]

1. b3 d5 2. Bb2 Nf6 3. Nf3 g6 4. e3 Bg7 5. d4 O-O 6. Bd3 Nbd7 7. Nbd2 Re8 8. O-O c5 9. a3 cxd4 10. exd4 Nf8 11. h3 h6 12. Ne5 g5 13. Qe2 Be6 14. f4 gxf4 15. Rxf4 N8d7 16. Raf1 Nxe5 17. dxe5 Nd7 18. Qh5 Rf8 19. R1f3 Kh8 20. Rg3 Rg8 21. Rh4 Qf8 22. Nf3 f5 23. exf6 Nxf6 24. Bxf6 Qxf6 25. Rg6 Qa1+ 26. Kh2 Be5+ 27. Nxe5 Qxe5+ 28. Qxe5+ 1-0


[Site "https://www.chess.com"]

[Event "Titled Tuesday Blitz July 25 Late 2023"]
[White "Korpics, Zsolt"]
[Black "ArtemDyachuk"]
[WhiteFideId "705241"]
[WhiteElo "2325"]
[BlackElo "2607"]
[Result "0-1"]
[Round "1"]
[TimeControl "180+2"]
[Date "2023.07.25"]
[WhiteClock "0:00:00"]
[BlackClock "0:00:17"]
[Board "127"]

1. e4 c6 2. Nf3 d5 3. Nc3 Nf6 4. e5 Ne4 5. Ne2 Qb6 6. d4 e6 7. g3 c5 8. Bg2 Nc6 9. O-O cxd4 10. Nexd4 Bc5 11. c3 Bd7 12. b4 Bxd4 13. cxd4 Nc3 14. Qd3 Nxd4 15. Be3 Bb5 16. Qd2 Nde2+ 17. Kh1 Qa6 18. Rfe1 Ne4 19. Qb2 N2c3 20. Nd4 Na4 21. Qb3 O-O 22. Nxb5 Qxb5 23. Bf1 Qd7 24. f3 d4 25. Rad1 Nec3 26. Rxd4 Nd5 27. Bc4 Nab6 28. Bd3 Rac8 29. Bd2 Rfd8 30. Rh4 g6 31. Be4 Qa4 32. Qb2 Nc4 33. Qd4 Ndb6 34. Qf2 Rxd2 35. Re2 Qd1+ 0-1


[Site "https://www.chess.com"]

[Event "Titled Tuesday Blitz July 25 Late 2023"]
[White "Ponizil, Cyril"]
[Black "jero888"]
[WhiteFideId "322202"]
[WhiteElo "2607"]
[BlackElo "2323"]
[Result "1-0"]
[Round "1"]
[TimeControl "180+2"]
[Date "2023.07.25"]
[WhiteClock "0:01:32"]
[BlackClock "0:00:44"]
[Board "128"]

1. e4 c5 2. Nf3 d6 3. d4 cxd4 4. Nxd4 Nf6 5. Nc3 Nc6 6. Bg5 Bd7 7. Qd2 Rc8 8. O-O-O Nxd4 9. Qxd4 Qa5 10. f4 Rxc3 11. bxc3 e5 12. Qb4 Qxb4 13. cxb4 Nxe4 14. Bh4 g5 15. fxg5 Be7 16. Bd3 Nxg5 17. Rhf1 Be6 18. Kb2 h6 19. Bf2 a6 20. h4 Nh7 21. Be4 Kd7 22. a3 Kc7 23. Bd5 Nf8 24. Be3 f6 25. h5 Bxd5 26. Rxd5 Nh7 27. Bxh6 Kc6 28. Rd3 d5 29. Bg7 Rg8 30. h6 Bf8 31. Bxf6 Bxh6 32. Bxe5 Bg7 33. Rc3+ 1-0


[Site "https://www.chess.com"]

[Event "Titled Tuesday Blitz July 25 Late 2023"]
[White "Lamaze, Simon"]
[Black "Vifleemskaia, Svetlana"]
[WhiteFideId "36069264"]
[BlackFideId "4129490"]
[WhiteElo "2607"]
[BlackElo "2320"]
[Result "1-0"]
[Round "1"]
[TimeControl "180+2"]
[Date "2023.07.25"]
[WhiteClock "0:00:47"]
[BlackClock "0:00:01"]
[Board "130"]

1. e4 e5 2. Nf3 Nc6 3. Bb5 a6 4. Bxc6 dxc6 5. d4 exd4 6. Qxd4 Qxd4 7. Nxd4 Bd7 8. Be3 O-O-O 9. f3 f6 10. Nc3 Ne7 11. Kf2 h5 12. Rad1 Ng6 13. g3 Ne5 14. h3 Nc4 15. Bc1 Bc5 16. b3 Na3 17. Na4 Bf8 18. c4 c5 19. Bxa3 cxd4 20. Bxf8 Rhxf8 21. Nc5 b6 22. Nxd7 Rxd7 23. c5 bxc5 24. Ke2 Kb7 25. Kd3 Kb6 26. Rc1 Rd6 27. Rc4 h4 28. g4 g6 29. f4 f5 30. e5 Rd5 31. Rg1 fxg4 32. Rxg4 Kb5 33. Rc1 c6 34. Rcg1 a5 35. Rxh4 a4 36. Rxg6 axb3 37. axb3 Ra8 38. Rg2 Ra3 39. Ke4 Rxb3 40. Re2 Rg3 41. f5 c4 42. f6 d3 43. Rb2+ Kc5 44. f7 Rd8 45. Rf4 c3 46. Rb3 d2 47. Rf1 d1=Q 48. Rxd1 Rxd1 49. f8=Q+ Kc4 50. Qb4# 1-0


[Site "https://www.chess.com"]

[Event "Titled Tuesday Blitz July 25 Late 2023"]
[White "Fajdetic, Hrvoje"]
[Black "Andrej2004"]
[WhiteFideId "14501945"]
[WhiteElo "2316"]
[BlackElo "2603"]
[Result "1-0"]
[Round "1"]
[TimeControl "180+2"]
[Date "2023.07.25"]
[WhiteClock "0:00:10"]
[BlackClock "0:00:23"]
[Board "131"]

1. d4 Nf6 2. Bf4 b6 3. Nc3 Bb7 4. Qd3 g6 5. e4 d6 6. O-O-O Bg7 7. f3 O-O 8. Qe3 Re8 9. Bh6 Bh8 10. h4 c5 11. d5 e6 12. h5 exd5 13. hxg6 hxg6 14. Qg5 Re5 15. Qg3 Nh5 16. Qf2 d4 17. g4 dxc3 18. gxh5 cxb2+ 19. Kb1 g5 20. Nh3 Qf6 21. Nxg5 Qxh6 22. f4 Re8 23. Bc4 d5 24. exd5 Ba6 25. Bxa6 Nxa6 26. Rhg1 Kf8 27. f5 Bf6 28. Ne6+ fxe6 29. Rg6 Qxh5 30. Rxf6+ Ke7 31. Rf1 Kxf6 32. fxe6+ Ke5 33. c4 Qg5 34. Qh2+ Kd4 35. Rf4+ Kc3 36. Qh3+ Kd2 37. Rf2+ Ke1 38. Qf1# 1-0


[Site "https://www.chess.com"]

[Event "Titled Tuesday Blitz July 25 Late 2023"]
[White "Sivakumar, Shaashwath"]
[Black "Fernandez Siles, Luis"]
[WhiteFideId "30912156"]
[BlackFideId "2209420"]
[WhiteElo "2602"]
[BlackElo "2314"]
[Result "0-1"]
[Round "1"]
[TimeControl "180+2"]
[Date "2023.07.25"]
[WhiteClock "0:01:16"]
[BlackClock "0:01:04"]
[Board "132"]

1. d4 Nf6 2. c4 d6 3. Nc3 Nbd7 4. e4 e5 5. Nge2 Be7 6. f3 O-O 7. Be3 c6 8. Qd2 Re8 9. d5 cxd5 10. cxd5 a6 11. g4 b5 12. Ng3 Nb6 13. g5 Nfd7 14. Nf5 Bf8 15. Bd3 Nc4 16. Bxc4 bxc4 17. Qe2 Rb8 18. Qxc4 Rxb2 19. O-O Nc5 20. Bxc5 Qxg5+ 21. Ng3 dxc5 22. Rab1 Qe3+ 23. Kh1 Rc2 24. Rb3 Bh3 25. Nd1 Bg2# 0-1


[Site "https://www.chess.com"]

[Event "Titled Tuesday Blitz July 25 Late 2023"]
[White "Biliy, Vadim"]
[Black "Zavgorodniy, Sergiy"]
[WhiteFideId "14114127"]
[BlackFideId "14110148"]
[WhiteElo "2314"]
[BlackElo "2602"]
[Result "0-1"]
[Round "1"]
[TimeControl "180+2"]
[Date "2023.07.25"]
[WhiteClock "0:01:57"]
[BlackClock "0:02:47"]
[Board "133"]

1. d4 d5 2. Nf3 Nf6 3. e3 e6 4. c4 dxc4 5. Bxc4 a6 6. Nc3 b5 7. Bb3 Bb7 8. O-O Nbd7 9. Qe2 c5 10. Rd1 Qc7 11. dxc5 Bxc5 12. e4 Ng4 13. Nd4 Qxh2+ 0-1


[Site "https://www.chess.com"]

[Event "Titled Tuesday Blitz July 25 Late 2023"]
[White "Salik, Serkan"]
[Black "Kukavica, Tony"]
[WhiteFideId "30952492"]
[BlackFideId "2062542"]
[WhiteElo "2600"]
[BlackElo "2312"]
[Result "1-0"]
[Round "1"]
[TimeControl "180+2"]
[Date "2023.07.25"]
[WhiteClock "0:00:04"]
[BlackClock "0:00:00"]
[Board "134"]

1. d4 f5 2. g3 Nf6 3. Bg2 g6 4. c4 d6 5. Nc3 Bg7 6. Nf3 O-O 7. O-O Nc6 8. Re1 e5 9. d5 Ne7 10. e4 fxe4 11. Nxe4 Nxe4 12. Rxe4 Bf5 13. Re1 Kh8 14. Ng5 Ng8 15. h4 Qf6 16. Be3 b6 17. b4 Nh6 18. Bf3 Rae8 19. Kg2 e4 20. Be2 Qxa1 21. Qxa1 Bxa1 22. Rxa1 Ng4 23. Bd4+ Kg8 24. Re1 h6 25. Ne6 Bxe6 26. dxe6 Nf6 27. c5 Rxe6 28. cxb6 axb6 29. b5 d5 30. Rc1 Rf7 31. a4 Ne8 32. Bg4 Ree7 33. Rc6 Kh7 34. h5 g5 35. Kg1 Ng7 36. Kg2 Nf5 37. Bb2 e3 38. Bf6 Nd4 39. Bxd4 Rxf2+ 40. Kh3 Rf1 41. Kg2 e2 42. Bxe2 Rff7 43. Bd3+ Kg8 44. Rxh6 1-0


[Site "https://www.chess.com"]

[Event "Titled Tuesday Blitz July 25 Late 2023"]
[White "AndresDelgado77"]
[Black "Principe, Gerson"]
[BlackFideId "3804550"]
[WhiteElo "2311"]
[BlackElo "2600"]
[Result "0-1"]
[Round "1"]
[TimeControl "180+2"]
[Date "2023.07.25"]
[WhiteClock "0:00:00"]
[BlackClock "0:00:04"]
[Board "135"]

1. e4 c5 2. Nf3 e6 3. c3 Nf6 4. Bd3 d5 5. e5 Nfd7 6. Bc2 Nc6 7. d4 Be7 8. a3 b5 9. O-O a5 10. Re1 Ba6 11. dxc5 Nxc5 12. b4 Nd7 13. g3 h6 14. h4 Rc8 15. h5 Qc7 16. Bf4 Nb6 17. Ra2 Nc4 18. Qe2 Bb7 19. Nbd2 Nxd2 20. Bxd2 Na7 21. Nd4 Bc6 22. Bd3 Rb8 23. Qg4 Kf8 24. Qxe6 Rb7 25. Qf5 Ke8 26. e6 Rf8 27. Bf4 Qc8 28. exf7+ Rxf7 29. Qxc8+ Nxc8 30. Bg6 Kf8 31. Bxf7 Kxf7 32. Nxc6 Bf6 33. Ne5+ Ke6 34. Ng4+ Kf7 35. Nxf6 gxf6 36. Rd2 axb4 37. axb4 Ne7 38. Bd6 Nf5 39. Bc5 Rd7 40. Red1 Ke6 41. Re1+ Kf7 42. g4 Nh4 43. Re3 f5 44. f3 Kf6 45. Red3 fxg4 46. fxg4 Rc7 47. Bf2 Kg5 48. Rxd5+ Kxg4 49. R2d4+ Kf3 50. Rf5+ Nxf5 51. Rd3+ Ke4 52. Rd1 Rxc3 53. Be1 Rb3 54. Rc1 Ne3 55. Rc5 Rb2 0-1


[Site "https://www.chess.com"]

[Event "Titled Tuesday Blitz July 25 Late 2023"]
[White "Suvorov, Alexander"]
[Black "SicilianPanzer"]
[WhiteFideId "12977063"]
[WhiteElo "2599"]
[BlackElo "2310"]
[Result "1-0"]
[Round "1"]
[TimeControl "180+2"]
[Date "2023.07.25"]
[WhiteClock "0:00:50"]
[BlackClock "0:00:00"]
[Board "136"]

1. e4 c5 2. Nc3 Nc6 3. f4 g6 4. Nf3 Bg7 5. Bb5 e6 6. Bxc6 bxc6 7. e5 c4 8. Ne4 Nh6 9. Nd6+ Ke7 10. Nxc4 Ba6 11. b3 f6 12. Ba3+ Kf7 13. Nd6+ Kg8 14. Bb2 fxe5 15. fxe5 Nf5 16. Ne4 Nh4 17. c4 Nxg2+ 18. Kf2 Nf4 19. Ke3 Bh6 20. Nf6+ Kg7 21. Kf2 Nd3+ 22. Kg2 Nxb2 23. Qc2 d5 24. Qxb2 dxc4 25. bxc4 Qd3 26. Rhe1 Rhb8 27. Qd4 Bxc4 28. Qc5 Rb7 29. Qxc6 Bd5 30. Nxd5 Qxd5 31. Qxd5 exd5 32. Rab1 Rab8 33. Rxb7+ Rxb7 34. e6 Kf6 35. d3 Rb2+ 36. Kg3 Ke7 37. Nd4 Bf8 38. Nc6+ Ke8 39. e7 Bg7 40. Re6 Rxa2 41. Rd6 Be5+ 42. Nxe5 Kxe7 43. Rxd5 Ke6 44. Rc5 Re2 45. d4 Re3+ 46. Kf2 Ra3 47. Nc4 Ra2+ 48. Kg3 Rc2 49. d5+ Ke7 50. d6+ Kd8 51. Rc7 Rc3+ 52. Kf4 h5 53. Ke4 Rc2 54. Kd3 Rxh2 55. Rxa7 Rh3+ 56. Kd4 Rh1 57. Kd5 Rd1+ 58. Kc6 1-0


[Site "https://www.chess.com"]

[Event "Titled Tuesday Blitz July 25 Late 2023"]
[White "Tsyhanchuk, Stanislav"]
[Black "Piesik, Piotr"]
[WhiteFideId "13505130"]
[BlackFideId "1136194"]
[WhiteElo "2309"]
[BlackElo "2594"]
[Result "0-1"]
[Round "1"]
[TimeControl "180+2"]
[Date "2023.07.25"]
[WhiteClock "0:01:46"]
[BlackClock "0:02:22"]
[Board "137"]

1. c4 g6 2. Nc3 Bg7 3. e4 c5 4. f4 Nc6 5. Nf3 d6 6. d3 e6 7. Be3 Nd4 8. Bf2 Ne7 9. Nxd4 cxd4 10. Ne2 Qa5+ 11. Qd2 Qxd2+ 12. Kxd2 Nc6 13. Rb1 a5 14. a3 a4 15. g4 h5 16. g5 e5 17. Bg2 Bg4 18. fxe5 dxe5 19. Nc1 h4 20. h3 Be6 21. Bf3 Bf8 22. Bg4 Bxg4 23. hxg4 Be7 24. b4 axb3 25. Rxb3 Bxg5+ 26. Kc2 Ra7 27. Na2 Be7 28. Nb4 Bxb4 29. axb4 Ra2+ 0-1


[Site "https://www.chess.com"]

[Event "Titled Tuesday Blitz July 25 Late 2023"]
[White "Gascon Del Nogal, Jose Rafael"]
[Black "Duarte, Leonardo"]
[WhiteFideId "3902463"]
[BlackFideId "110582"]
[WhiteElo "2591"]
[BlackElo "2307"]
[Result "1/2-1/2"]
[Round "1"]
[TimeControl "180+2"]
[Date "2023.07.25"]
[WhiteClock "0:00:10"]
[BlackClock "0:00:07"]
[Board "138"]

1. d4 d5 2. Nf3 Nf6 3. c4 dxc4 4. e3 e6 5. Bxc4 c5 6. O-O a6 7. a3 Nc6 8. dxc5 Bxc5 9. Qxd8+ Kxd8 10. b4 Ba7 11. Bb2 b5 12. Be2 Bb7 13. Nbd2 Ke7 14. Nb3 Rhd8 15. Rac1 g6 16. Nc5 Bxc5 17. Rxc5 Nd7 18. Rc2 Nb6 19. Nd4 Rac8 20. Rfc1 Nxd4 21. Bxd4 Rxc2 22. Rxc2 Rc8 23. Bc5+ Ke8 24. Bd3 Nd7 25. Bd4 Rxc2 26. Bxc2 e5 27. Bc3 Ke7 28. f3 f6 29. Kf2 Nf8 30. g4 g5 31. Kg3 h6 32. f4 exf4+ 33. exf4 Ne6 34. f5 Nf4 35. Bd1 Bd5 36. Bd2 Nd3 37. h4 Ne5 38. h5 Nc4 39. Bc1 Nd6 40. Be3 Nc4 41. Bc1 Nd6 42. Bc2 Ne4+ 43. Kh2 Nf2 44. Kg3 Ne4+ 45. Bxe4 Bxe4 46. Be3 Bd5 47. Bc5+ Kf7 48. Bd6 Bb3 49. Kf2 Ba4 50. Kg3 Bb3 51. Bc5 Ba4 52. Bd4 Bb3 53. Bc3 Ba4 54. Bb2 Bb3 55. Bc1 Ba4 56. Bd2 Bb3 57. Be3 Ba4 58. Bc5 Bb3 59. Bb6 Ba4 60. Ba5 Bb3 61. Bb6 Ba4 62. Ba5 Bb3 63. Bb6 1/2-1/2


[Site "https://www.chess.com"]

[Event "Titled Tuesday Blitz July 25 Late 2023"]
[White "Sala, Giulia"]
[Black "Hajiyev, Kanan"]
[WhiteFideId "2840451"]
[BlackFideId "13404148"]
[WhiteElo "2302"]
[BlackElo "2589"]
[Result "1-0"]
[Round "1"]
[TimeControl "180+2"]
[Date "2023.07.25"]
[WhiteClock "0:00:08"]
[BlackClock "0:00:06"]
[Board "139"]

1. e4 c6 2. g3 d5 3. exd5 cxd5 4. Bg2 Nf6 5. Nf3 Nc6 6. O-O Bg4 7. d4 e6 8. h3 Bh5 9. c3 Bd6 10. Re1 O-O 11. Qd3 Rb8 12. Ne5 Bxe5 13. dxe5 Nd7 14. f4 Nc5 15. Qe3 Qb6 16. Na3 Bg6 17. g4 Be4 18. Bxe4 Nxe4 19. Qxb6 axb6 20. Be3 Nc5 21. Nb5 f6 22. exf6 gxf6 23. Bxc5 bxc5 24. Rxe6 Rbe8 25. Rae1 Rxe6 26. Rxe6 Kf7 27. Rd6 Rd8 28. Kf2 Ke7 29. Rxd8 Nxd8 30. Ke3 Nc6 31. Nc7 Kd6 32. Ne8+ Ke7 33. Ng7 Na5 34. Nf5+ Ke6 35. b3 b5 36. h4 Nc6 37. Ng7+ Kf7 38. Nf5 Ke6 39. Kd3 c4+ 40. Ke3 Na5 41. Nd4+ Kd7 42. b4 Nc6 43. Nxb5 Ne7 44. Nd4 Nc8 45. a4 Nb6 46. a5 Na8 47. Nf5 Kc6 48. Kd4 Nc7 49. Ne7+ Kd6 50. Nf5+ Kc6 51. Ne7+ Kd6 52. Nc8+ Kc6 53. Nb6 Nb5+ 54. Ke3 Nxc3 55. Nc8 Nb5 56. Ne7+ Kd6 57. Nc8+ Kc6 58. Ne7+ Kd6 59. Nf5+ Ke6 60. Ng7+ Kd6 61. Nf5+ Kd7 62. Nd4 Nd6 63. Nf5 Nb5 64. Nd4 Nd6 65. b5 Kc7 66. Ne6+ Kd7 67. Nd4 Kc7 68. b6+ Kd7 69. Nf5 Nb5 70. Nd4 Nd6 71. Nc2 Kc6 72. Kd4 Nb5+ 73. Ke3 Kb7 74. Nd4 Nd6 75. Nf5 Nb5 76. Ne7 d4+ 77. Kd2 c3+ 78. Kc2 Ka6 79. Nc6 d3+ 80. Kxd3 Nd6 81. Kxc3 Ne4+ 82. Kd4 Nf2 83. g5 fxg5 84. hxg5 Ng4 85. Ke4 Nf2+ 86. Kf3 Nd3 87. Ne7 Nc5 88. Nd5 Nd7 89. f5 Kxa5 90. f6 Nxb6 91. Nxb6 Kxb6 92. f7 Kc7 93. f8=Q 1-0


[Site "https://www.chess.com"]

[Event "Titled Tuesday Blitz July 25 Late 2023"]
[White "Krishnan, Varun"]
[Black "Wang, Alexander J"]
[WhiteFideId "5054508"]
[BlackFideId "30955270"]
[WhiteElo "2589"]
[BlackElo "2300"]
[Result "1-0"]
[Round "1"]
[TimeControl "180+2"]
[Date "2023.07.25"]
[WhiteClock "0:01:15"]
[BlackClock "0:00:01"]
[Board "140"]

1. Nf3 d5 2. b4 e6 3. b5 a6 4. bxa6 Nxa6 5. e3 Nf6 6. c4 c6 7. Nc3 Bd7 8. d4 Bb4 9. Bd2 O-O 10. Bd3 Qa5 11. Qc2 g6 12. O-O b5 13. a3 Bxc3 14. Bxc3 Qb6 15. c5 Qc7 16. Ne5 Be8 17. Rab1 Nd7 18. f4 Nxe5 19. fxe5 f5 20. exf6 Bd7 21. Bxg6 hxg6 22. Qxg6+ 1-0


[Site "https://www.chess.com"]

[Event "Titled Tuesday Blitz July 25 Late 2023"]
[White "Bullen, Alex"]
[Black "Dobrikov, Marco"]
[WhiteFideId "1801627"]
[BlackFideId "12950378"]
[WhiteElo "2298"]
[BlackElo "2588"]
[Result "0-1"]
[Round "1"]
[TimeControl "180+2"]
[Date "2023.07.25"]
[WhiteClock "0:00:00"]
[BlackClock "0:00:23"]
[Board "141"]

1. c3 f5 2. g3 Nf6 3. Bg2 e5 4. d4 e4 5. h4 d5 6. Bg5 Be6 7. e3 Nbd7 8. Nh3 c6 9. Nf4 Bf7 10. c4 dxc4 11. Nc3 h6 12. Bxf6 Nxf6 13. Bf1 Bb4 14. Be2 Qa5 15. O-O Bxc3 16. bxc3 b5 17. a4 Qxc3 18. axb5 cxb5 19. Qb1 a6 20. Rc1 Qb3 21. Qxb3 cxb3 22. Bxb5+ Kf8 23. Rxa6 Rxa6 24. Bxa6 Kg8 25. Bc4 g5 26. hxg5 hxg5 27. Ne2 Bxc4 28. Rxc4 Nd5 29. Nc3 b2 30. Nb1 Kg7 31. Rc5 Ra8 32. Rxd5 Ra1 33. Rb5 Rxb1+ 34. Kg2 Kf6 35. Rb6+ Ke7 36. Kh2 Kd7 37. Kg2 Kc7 38. Rb3 Kc6 39. Kh2 Kd5 40. Kg2 Kc4 41. Rb8 Kc3 42. d5 Rd1 43. Rc8+ Kd3 44. Rb8 b1=Q 45. Rxb1 Rxb1 46. d6 g4 0-1


[Site "https://www.chess.com"]

[Event "Titled Tuesday Blitz July 25 Late 2023"]
[White "Sargsyan, Anna M."]
[Black "Senft, Sean"]
[WhiteFideId "13308130"]
[BlackFideId "2044960"]
[WhiteElo "2583"]
[BlackElo "2297"]
[Result "1/2-1/2"]
[Round "1"]
[TimeControl "180+2"]
[Date "2023.07.25"]
[WhiteClock "0:00:03"]
[BlackClock "0:00:14"]
[Board "142"]

1. d4 d5 2. c4 c6 3. Nf3 Nf6 4. Nc3 a6 5. c5 Nbd7 6. Bg5 g6 7. e3 Bg7 8. Be2 O-O 9. O-O Re8 10. Bxf6 Bxf6 11. e4 dxe4 12. Nxe4 e6 13. b4 Bg7 14. Qb3 Nf6 15. Nd6 Rf8 16. Rad1 Ne8 17. Nc4 Nc7 18. a4 Qe7 19. Rfe1 Rd8 20. Nd6 Ne8 21. Ne4 Nf6 22. Nd6 Ne8 23. Nxc8 Raxc8 24. b5 axb5 25. axb5 Nc7 26. Bc4 Nd5 27. h3 Qc7 28. b6 Qf4 29. Ne5 Bxe5 30. Rxe5 Ra8 31. Bxd5 Rxd5 32. Rxd5 exd5 33. Qd3 Ra2 34. Qg3 Qxg3 35. fxg3 Kg7 36. Re1 Kf6 37. Kf1 Rd2 38. Ra1 Rxd4 39. Ra7 Rc4 40. Rxb7 Rxc5 41. Rc7 Rb5 42. Rxc6+ Ke5 43. Ke2 Rb2+ 44. Kf3 f5 45. g4 fxg4+ 46. hxg4 d4 47. g5 Rb3+ 48. Ke2 Kd5 49. Rf6 Ke4 50. Kd2 Rb2+ 51. Kc1 Rb5 52. Kc2 Rxg5 53. b7 Rb5 54. Rf7 h5 55. Rg7 g5 56. Re7+ Kf4 57. Rg7 h4 58. Kd3 Rb4 59. Rf7+ Kg3 60. Rg7 g4 61. Kc2 Rb6 62. Kd3 Rb4 63. Ke4 Kxg2 64. Rxg4+ Kh3 65. Rg7 Kh2 66. Kd3 h3 67. Rh7 Kg3 68. Kc2 h2 69. Rg7+ Kf3 70. Rf7+ Kg2 71. Rg7+ Kh1 72. Rh7 Rb6 73. Kd3 Rb4 74. Kc2 Kg1 75. Rg7+ Kf2 76. Rf7+ Ke2 77. Re7+ Kf3 78. Rf7+ Ke4 79. Re7+ Kf4 80. Rf7+ Ke5 81. Rh7 Kd5 82. Kd3 Rb3+ 83. Kc2 Rb6 84. Kd3 Ke5 85. Rh5+ Kf4 86. Rxh2 Rxb7 87. Kxd4 1/2-1/2


[Site "https://www.chess.com"]

[Event "Titled Tuesday Blitz July 25 Late 2023"]
[White "Ramadoss, Ashokkumar"]
[Black "Sivakumar, Shaaketh"]
[WhiteFideId "5040990"]
[BlackFideId "30940176"]
[WhiteElo "2292"]
[BlackElo "2578"]
[Result "0-1"]
[Round "1"]
[TimeControl "180+2"]
[Date "2023.07.25"]
[WhiteClock "0:00:08"]
[BlackClock "0:00:19"]
[Board "143"]

1. Nf3 Nf6 2. c4 b6 3. Nc3 Bb7 4. d4 e6 5. a3 Ne4 6. Qc2 f5 7. e3 d6 8. Bd3 Nxc3 9. Qxc3 Nd7 10. O-O Nf6 11. Qc2 Be7 12. b4 O-O 13. Bb2 Ne4 14. Nd2 Nxd2 15. Qxd2 Bf6 16. f3 g6 17. e4 fxe4 18. fxe4 e5 19. d5 Bg5 20. Qe2 Qe7 21. Rxf8+ Rxf8 22. Rf1 Bf6 23. Bc1 Bc8 24. Bh6 Re8 25. Qf3 Bg7 26. Bxg7 Kxg7 27. Qe3 Bd7 28. Rf2 Ra8 29. c5 bxc5 30. bxc5 dxc5 31. Rc2 c4 32. Bxc4 Rb8 33. h3 Rb6 34. Qc3 c6 35. Qa5 Be8 36. dxc6 Bxc6 37. Bd5 Be8 38. Rc8 Qf6 39. Qxa7+ Kh6 40. Rc1 Bb5 41. Qa5 Qf4 42. Qxb6 Qxc1+ 43. Kh2 Qf4+ 44. Kh1 Bd3 45. Qd6 Qf1+ 46. Kh2 Qf4+ 47. Kh1 Bf1 48. Qf8+ Qxf8 49. Kg1 Bd3 0-1


[Site "https://www.chess.com"]